Map: Crimson Research Lab LE

Players

Ekelpack - Winner!

  • Race: Zerg Zerg
  • Spawn Location: 5:00

Nyck - Winner!

  • Race: Terran Terran
  • Spawn Location: 5:00

Maverick

  • Race: Protoss Protoss
  • League: Master
  • Spawn Location: 11:00

doNped

  • Race: Zerg Zerg
  • Spawn Location: 11:00

VOD

Have the link to the VOD?

Description

Time

  • Played on: Feb. 11, 2025, 3:06 p.m.
  • Length: 15:45
Show
View Real Time Build Order
Export as new Build Order

Ekelpack Zerg - Winner!

Build Orders: Hatch First 

Get SALT Encoding   

  12  0:00  Drone  
  13  0:12  Overlord  
  13  0:18  Drone  
  14  0:31  Drone x2  
  14  0:35  Drone  
  17  0:46  Drone  
  18  0:56  Hatchery  
  17  1:02  Extractor  
  16  1:10  Spawning Pool  
  15  1:13  Drone  
  15  1:17  Drone  
  17  1:22  Drone  
  18  1:29  Drone  
  19  1:40  Drone  
  20  1:57  Queen  
  22  2:04  Overlord  
  22  2:07  Queen  
  24  2:10  Drone  
  24  2:15  Metabolic Boost  
  25  2:21  Drone  
  26  2:26  Drone x2  
  28  2:38  Lair  
  28  2:41  Drone x2  
  28  2:43  Drone  
  31  2:48  Drone x2  
  33  2:52  Drone  
  33  2:58  Extractor  
  33  2:59  Drone, Extractor  
  33  3:04  Drone  
  34  3:08  Overlord  
  34  3:10  Drone  
  34  3:11  Drone  
  36  3:24  Extractor  
  36  3:25  Drone  
  36  3:27  Overlord  
  36  3:28  Drone x2  
  36  3:29  Drone  
  39  3:37  Zergling x6  
  39  3:38  Overlord  
  42  3:42  Spire  
  42  3:45  Drone  
  42  3:52  Drone x3  
  42  3:53  Drone  
  46  4:07  Overlord  
  46  4:43  Zergling x6  
  46  4:45  Hatchery  
  48  4:49  Queen  
  50  4:54  Overlord  
  50  4:55  Zerg Flyer Weapons Level 1, Mutalisk x5  
  50  4:56  Mutalisk  
  50  4:58  Mutalisk  
  64  5:16  Mutalisk x2  
  66  5:41  Drone x2, Overlord x3  
  66  5:42  Drone x3  
  71  5:49  Drone x4  
  75  6:00  Drone x3, Infestation Pit  
  75  6:01  Extractor  
  76  6:05  Extractor  
  73  6:29  Mutalisk x5  
  73  6:30  Mutalisk x2  
  87  6:47  Drone x3  
  87  6:48  Drone x4, Overlord x2  
  87  6:53  Zerg Flyer Weapons Level 2  
  94  6:55  Hive  
  94  6:58  Evolution Chamber  
  94  7:00  Evolution Chamber  
  92  7:22  Overseer  
  92  7:25  Overseer  
  92  7:29  Zergling x4  
  94  7:30  Zergling x8  
  94  7:31  Zerg Melee Weapons Level 1, Zerg Ground Armor Level 1  
  98  8:07  Mutalisk x2  
  98  8:08  Zergling x8  
  98  8:09  Zergling x14  
  98  8:10  Zergling x12  
  98  8:12  Adrenal Glands  
  108  8:35  Pneumatized Carapace  
  84  8:54  Mutalisk x2  
  84  8:55  Mutalisk x7  
  92  8:56  Mutalisk x2  
  92  8:58  Zergling x4  
  92  8:59  Zergling x4  
  110  9:10  Ultralisk Cavern  
  110  9:16  Zergling x6  
  112  9:30  Zergling x12  
  112  9:31  Zerg Melee Weapons Level 2, Zerg Ground Armor Level 2  
  118  9:39  Zergling x8  
  118  9:40  Overlord x5  
  118  10:34  Mutalisk x4  
  118  10:35  Mutalisk x6  
  128  10:36  Mutalisk  
  128  10:38  Zergling x4  
  128  10:39  Zergling x14  
  128  10:40  Zergling x2  
  146  11:20  Zerg Flyer Weapons Level 3  
  146  11:22  Zergling x10  
  146  11:23  Zergling x8  
  155  11:40  Overlord x2  
  155  11:41  Overlord x3  
  155  11:47  Zerg Melee Weapons Level 3  
  155  11:49  Chitinous Plating  
  155  11:51  Zerg Ground Armor Level 3  
  155  11:52  Zergling x2  
  155  11:53  Zergling x4  
  158  11:54  Overlord  
  158  12:11  Zergling x4  
  158  12:12  Zergling x12  
  158  12:13  Zergling x4  
  168  12:28  Ultralisk x4  
  192  12:49  Overseer x3  
  192  13:05  Overlord  
  192  13:08  Anabolic Synthesis, Mutalisk x4  
  194  13:36  Mutalisk x3  
  180  14:42  Ultralisk x2  
  180  14:43  Ultralisk  
  199  15:23  Hatchery  
  199  15:28  Extractor  
  193  15:31  Extractor  
Show
View Real Time Build Order
Export as new Build Order

Nyck Terran - Winner!

Build Orders:  

Get SALT Encoding   

  12  0:00  SCV  
  13  0:12  SCV  
  14  0:18  Supply Depot  
  14  0:24  SCV  
  15  0:40  SCV  
  15  0:42  Barracks  
  16  0:47  Refinery  
  16  0:53  SCV  
  17  1:05  SCV  
  18  1:17  SCV  
  19  1:30  Barracks  
  19  1:31  Orbital Command  
  19  1:54  Reaper  
  19  1:58  SCV  
  21  2:01  Refinery  
  21  2:15  SCV  
  21  2:21  Command Center  
  22  2:31  Barracks Tech Lab  
  22  2:33  Barracks Reactor  
  22  2:38  SCV  
  22  2:39  Supply Depot  
  23  2:53  Combat Shield  
  23  3:00  Marine  
  23  3:01  SCV  
  25  3:09  Supply Depot  
  25  3:11  Marine x2  
  27  3:13  SCV  
  27  3:19  Marauder  
  30  3:25  SCV  
  31  3:33  Marine x2  
  33  3:37  SCV  
  34  3:45  Orbital Command  
  33  3:49  SCV  
  34  3:56  Marine x2, Marauder  
  38  4:07  Factory  
  38  4:14  Engineering Bay  
  38  4:15  SCV x2  
  38  4:17  Engineering Bay  
  40  4:27  SCV x2  
  40  4:30  Refinery  
  42  4:31  Refinery  
  42  4:37  Stimpack  
  42  4:39  SCV x2  
  42  4:41  Terran Infantry Weapons Level 1  
  42  4:43  Terran Infantry Armor Level 1  
  42  4:45  Marine x2  
  46  4:52  Starport  
  46  4:55  Factory Reactor  
  46  4:57  SCV x2  
  48  5:03  Marauder  
  48  5:05  Marine x2  
  52  5:12  SCV x2  
  54  5:23  Marine  
  54  5:24  SCV, Marine  
  54  5:25  SCV, Marauder  
  60  5:34  Supply Depot  
  60  5:39  Medivac  
  62  5:45  Factory Tech Lab  
  62  5:46  Armory  
  62  5:55  SCV x2, Marine x2, Medivac  
  62  5:56  Marauder  
  70  6:00  Command Center  
  70  6:11  Supply Depot  
  70  6:16  Concussive Shells  
  70  6:32  SCV x2  
  72  6:33  Supply Depot  
  72  6:35  Terran Infantry Weapons Level 2  
  72  6:37  Terran Infantry Armor Level 2  
  72  6:39  Medivac x2  
  76  6:44  SCV x2  
  78  6:54  Siege Tank, Marine x2, Marauder  
  78  6:55  Supply Depot  
  78  6:56  SCV  
  86  7:12  SCV  
  86  7:14  SCV  
  89  7:16  Orbital Command  
  89  7:18  Supply Depot  
  88  7:31  Command Center  
  88  7:32  Siege Tank  
  88  7:34  Marine x2, Marauder  
  88  7:36  Medivac x2  
  99  7:41  Terran Vehicle And Ship Armor Level 1  
  86  8:45  Marine x2  
  86  8:46  Marauder  
  86  8:48  Siege Tank  
  86  8:49  Medivac x2  
  77  9:15  Orbital Command  
  78  9:17  SCV x2  
  78  9:18  Marine x2  
  78  9:19  Marauder  
  83  9:28  Orbital Command  
  83  9:31  Starport  
  83  9:33  SCV x2, Starport  
  83  9:35  Terran Infantry Weapons Level 3  
  83  9:36  Terran Infantry Armor Level 3, Starport  
  83  9:37  Terran Vehicle And Ship Armor Level 2  
  85  9:41  Orbital Command  
  85  9:49  Marine x2  
  85  9:50  Siege Tank, Marauder  
  92  10:10  SCV x4  
  92  10:11  Marine x2  
  92  10:12  Marauder  
  92  10:13  Refinery  
  100  10:18  Refinery  
  100  10:19  Medivac x2  
  104  10:29  Barracks  
  104  10:30  Barracks  
  104  10:31  Barracks  
  104  10:36  SCV x3  
  104  10:38  Refinery  
  104  10:42  Starport Tech Lab x3  
  107  10:46  SCV  
  107  10:48  SCV x3  
  107  10:49  Marine  
  111  10:50  Marine x2  
  111  10:56  Medivac x2  
  118  10:58  SCV  
  118  11:01  SCV x3  
  122  11:07  Fusion Core  
  121  11:12  SCV  
  121  11:13  SCV x2  
  121  11:14  SCV  
  122  11:19  Marine  
  122  11:23  Barracks Reactor  
  124  11:26  Barracks Reactor  
  124  11:27  Barracks Reactor  
  123  11:40  SCV  
  123  11:41  SCV x3  
  123  11:42  Marine x2  
  123  11:43  Medivac  
  131  11:51  Caduceus Reactor  
  131  11:52  Supply Depot  
  131  12:05  SCV  
  132  12:13  SCV, Medivac  
  132  12:14  SCV x2  
  132  12:15  Supply Depot  
  137  12:17  Supply Depot, SCV  
  138  12:26  SCV x2  
  138  12:27  Starport  
  140  12:32  Refinery  
  140  12:35  Marine x2, Battlecruiser  
  140  12:36  SCV, Marine  
  140  12:37  Supply Depot, Battlecruiser  
  156  12:38  Marine x6  
  156  12:39  SCV x2  
  156  12:40  Supply Depot  
  164  12:48  Weapon Refit  
  164  12:59  SCV, Marine x7  
  164  13:00  Supply Depot  
  164  13:02  Supply Depot, SCV x3, Marine x2, Siege Tank  
  180  13:21  SCV x2, Marine x6  
  180  13:22  Supply Depot  
  180  13:23  Marine x2  
  180  13:24  Battlecruiser  
  180  13:25  Supply Depot  
  196  13:28  Neosteel Armor  
  196  13:43  Marine x4  
  196  13:46  Supply Depot  
  200  13:50  Supply Depot  
  200  14:13  Supply Depot  
  200  14:18  Command Center  
  200  14:21  Marine  
  200  14:40  SCV  
  200  14:44  Marine  
  200  15:17  Marine  
  200  15:18  Marine x2  
Show
View Real Time Build Order
Export as new Build Order

Maverick Protoss 

Build Orders: 1 Gate Expand, Chargelot Immortal 

Get SALT Encoding   

  12  0:00  Probe  
  13  0:12  Probe  
  14  0:24  Probe  
  15  0:32  Pylon  
  15  0:47  Assimilator  
  15  0:48  Probe  
  15  0:52  Gateway  
  15  0:56  Probe  
  17  1:05  Probe  
  18  1:17  Probe  
  19  1:29  Probe  
  19  1:32  Nexus  
  20  1:40  Cybernetics Core  
  20  1:50  Gateway  
  20  1:53  Assimilator  
  20  2:00  Pylon  
  20  2:03  Probe  
  21  2:15  Probe  
  21  2:17  Stalker  
  21  2:22  Warp Gate  
  24  2:28  Probe  
  25  2:36  Twilight Council  
  25  2:40  Probe  
  25  2:41  Stalker  
  26  2:47  Probe  
  29  2:55  Pylon  
  29  3:06  Pylon  
  29  3:11  Probe, Pylon  
  30  3:13  Probe  
  31  3:30  Probe x2  
  32  3:42  Charge  
  32  3:47  Probe x2  
  34  3:51  Assimilator  
  34  3:55  Assimilator  
  34  3:57  Shield Battery  
  34  3:59  Shield Battery, Probe x2  
  34  4:02  Forge  
  36  4:10  Pylon  
  36  4:12  Probe  
  36  4:14  Probe  
  38  4:21  Stalker  
  38  4:22  Sentry  
  42  4:26  Pylon  
  42  4:27  Protoss Ground Weapons Level 1  
  42  4:34  Phoenix  
  42  4:38  Photon Cannon  
  42  4:44  Photon Cannon  
  42  4:49  Photon Cannon  
  42  4:50  Probe  
  42  4:52  Probe  
  44  4:59  Blink  
  44  5:12  Stalker  
  44  5:13  Stalker  
  48  5:25  Forge  
  48  5:29  Gateway  
  48  5:31  Gateway  
  48  5:35  Pylon  
  48  5:43  Probe x2  
  50  5:50  Robotics Facility  
  50  5:52  Robotics Facility  
  50  5:55  Gateway, Protoss Ground Armor Level 1  
  50  5:58  Gateway  
  50  6:16  Pylon  
  50  6:24  Stalker x2  
  54  6:38  Protoss Ground Weapons Level 2  
  54  6:42  Photon Cannon  
  54  6:48  Pylon  
  54  6:52  Pylon  
  54  6:59  Zealot x2  
  54  7:00  Zealot x4  
  66  7:04  Immortal  
  66  7:07  Observer  
  71  7:24  Zealot x4  
  71  7:25  Zealot x2, Observer  
  84  7:43  Immortal  
  88  7:47  Immortal  
  92  8:08  Zealot x4  
  92  8:09  Zealot x2  
  104  8:35  Immortal x2  
  70  8:59  Stalker  
  70  9:00  Stalker x4  
  62  9:14  Gateway  
  62  9:15  Gateway  
  58  9:21  Gateway  
  58  9:26  Gateway  
  58  9:32  Stalker x3  
  64  9:40  Stalker  
  64  9:42  Stalker  
  68  9:50  Pylon  
  46  10:16  Stalker x2  
  46  10:17  Stalker x2  
  48  10:31  Stalker x2  
  52  10:40  Assimilator  
  52  11:01  Stalker x3  
  52  11:02  Stalker x2  
  62  11:06  Stalker  
  64  11:14  Protoss Ground Weapons Level 3  
  64  11:24  Probe x2  
  66  11:36  Probe  
  66  11:37  Probe  
  68  11:50  Forge  
  68  12:01  Protoss Ground Armor Level 2  
  68  12:02  Pylon  
  68  12:05  Pylon  
  68  12:07  Stalker x2  
  68  12:08  Stalker x3  
  76  12:09  Pylon  
  78  12:17  Templar Archives  
  77  12:40  Psionic Storm  
  57  13:42  High Templar x2  
  57  13:43  High Templar x2  
  57  13:44  Zealot x4  
  57  13:45  Zealot x2  
  77  13:59  Nexus  
  77  14:02  Pylon  
  77  14:04  Probe  
  77  14:05  Pylon, Probe  
  77  14:09  Pylon  
  78  14:20  Zealot x3  
  78  14:21  Zealot x3  
  90  14:28  Shield Battery  
  90  14:31  Shield Battery  
  90  14:39  Probe  
  90  14:40  Probe  
  92  14:52  Probe x2  
  94  14:59  Shield Battery  
  94  15:05  Photon Cannon  
  94  15:16  Photon Cannon  
  94  15:24  Pylon  
Show
View Real Time Build Order
Export as new Build Order

doNped Zerg 

Build Orders: Hatch First 

Get SALT Encoding   

  12  0:03  Drone  
  13  0:12  Overlord  
  13  0:19  Drone  
  14  0:32  Drone x2  
  16  0:36  Drone  
  17  0:48  Drone  
  18  0:58  Drone  
  18  1:01  Extractor  
  18  1:02  Hatchery  
  17  1:14  Overlord  
  17  1:21  Spawning Pool  
  16  1:26  Drone  
  16  1:30  Drone  
  18  1:49  Drone  
  19  2:04  Drone  
  19  2:05  Drone  
  21  2:14  Queen  
  23  2:15  Drone  
  23  2:16  Drone  
  23  2:20  Metabolic Boost  
  23  2:21  Evolution Chamber  
  24  2:31  Overlord  
  24  2:38  Drone x3  
  27  2:47  Zerg Melee Weapons Level 1  
  27  2:51  Queen  
  27  2:57  Drone  
  27  2:58  Drone  
  31  3:19  Extractor  
  30  3:27  Queen  
  30  3:31  Extractor  
  30  3:32  Extractor  
  30  3:47  Drone x3  
  33  3:49  Drone x3  
  36  4:00  Hatchery  
  36  4:01  Lair  
  35  4:07  Overlord  
  35  4:08  Overlord  
  35  4:16  Zergling x2  
  37  4:17  Zergling x4  
  38  4:57  Drone  
  38  4:58  Drone x4  
  43  5:03  Spire  
  43  5:04  Spore Crawler  
  43  5:06  Spore Crawler  
  41  5:07  Drone x8  
  41  5:10  Queen  
  48  5:44  Infestation Pit  
  47  6:06  Spine Crawler  
  47  6:08  Zergling x2  
  47  6:09  Zergling x2  
  47  6:10  Zergling x2  
  47  6:11  Zergling x2  
  50  6:12  Zergling x2  
  51  6:20  Mutalisk  
  51  6:21  Mutalisk x6  
  65  6:27  Spore Crawler  
  65  6:28  Spore Crawler  
  65  6:30  Spore Crawler  
  62  6:32  Spore Crawler  
  61  6:41  Queen  
  61  6:43  Overlord  
  61  6:44  Overlord, Mutalisk  
  65  6:53  Overlord x3  
  65  7:02  Mutalisk x3  
  65  7:03  Mutalisk x2  
  65  7:08  Overlord  
  75  7:28  Zergling x2  
  75  7:29  Zergling x14  
  83  7:46  Zergling x14  
  88  8:12  Drone x2  
  90  8:13  Overlord x4  
  45  9:03  Drone  
  45  9:04  Drone x4  
  50  9:15  Zerg Flyer Armor Level 1  
  50  9:18  Zerg Ground Armor Level 1  
  50  9:25  Mutalisk x6  
  50  9:26  Mutalisk x2  
  66  9:54  Mutalisk x8  
  82  10:15  Mutalisk x2  
  86  10:25  Zergling x26  
  99  11:09  Zerg Flyer Weapons Level 1  
  98  11:16  Hive  
  86  11:25  Spore Crawler x2  
  85  11:27  Spore Crawler x2  
  85  11:31  Spore Crawler  
  85  11:32  Mutalisk x7  
  95  11:45  Hatchery  
  95  12:19  Hatchery  
  94  12:29  Viper x3  
  94  12:35  Drone x3  
  94  12:37  Overlord x4  
  104  13:21  Hatchery  
  103  13:40  Zergling x2  
  104  13:42  Zergling x4  
  104  13:43  Zergling x38  
  104  13:45  Drone x6  
  131  13:49  Zergling x2  
  131  13:50  Zergling x2  
  133  14:01  Hatchery  
  119  14:47  Extractor  
  119  14:51  Extractor  
  117  14:58  Zergling x2  
  117  14:59  Zergling x30  
Tags
 
Add a new tag
Caveats
  • Supply blocks, unpowered buildings, or Contaminate may cause inaccurate times.
  • Supply counts are checked every 10 seconds.